 Dungeon Crawl Stone Soup version 0.29-a0-419-g77450f2 (webtiles) character file.

Game seed: 17617350232588956458

26 Toastz the Magician (level 3, -2/25 HPs)
             Began as a Gnoll Hedge Wizard on May 18, 2022.
             Slain by Terence
             ... wielding a +2 flail of protection
              (9 damage)
             ... on level 2 of the Dungeon.
             The game lasted 00:05:33 (1513 turns).

Toastz the Magician (Gnoll Hedge Wizard)            Turns: 1513, Time: 00:05:34

Health: -2/25      AC:  3    Str:  9    XL:     3   Next: 8%
Magic:  10/11      EV: 12    Int: 15    God:
Gold:   59         SH:  0    Dex: 11    Spells: 10/16 levels left

rFire   . . .      SeeInvis .   a - +2 dagger (drain)
rCold   . . .      Faith    .   (no shield)
rNeg    . . .      Spirit   .   o - +0 leather armour
rPois   .          Reflect  .   c - +0 hat
rElec   .          Harm     .   (no cloak)
rCorr   .          Rampage  .   (no gloves)
Will    .....                   (no boots)
Stlth   ++........              (no amulet)
HPRegen 0.08/turn               (no ring)
MPRegen 0.12/turn               (no ring)

@: no status effects
A: fangs 1, strong nose, distributed training
a: no special abilities


You were on level 2 of the Dungeon.
You visited 1 branch of the dungeon, and saw 2 of its levels.

You collected 59 gold pieces.

Inventory:

Hand Weapons
 a - a +2 dagger of draining (weapon)
 b - a +0 hunting sling
Missiles
 j - 3 boomerangs (quivered)
Armour
 c - a +0 hat (worn)
 g - a +0 robe
 n - a +0 buckler
 o - a +0 leather armour (worn)
Scrolls
 f - a scroll of magic mapping {unknown}
 i - a scroll of fog {unknown}
 k - a scroll of enchant weapon {unknown}
 m - a scroll of identify {unknown}
Potions
 d - a potion of magic
 h - a potion of lignification {unknown}
 l - 2 potions of curing {unknown}


   Skills:
 + Level 0.6 Fighting
 + Level 0.6 Short Blades
 + Level 0.6 Long Blades
 + Level 0.6 Axes
 + Level 0.6 Maces & Flails
 + Level 0.6 Polearms
 + Level 0.6 Staves
 + Level 0.6 Slings
 + Level 0.6 Bows
 + Level 0.6 Crossbows
 + Level 0.6 Throwing
 + Level 0.6 Armour
 + Level 4.5 Dodging
 + Level 4.1 Stealth
 + Level 0.6 Shields
 + Level 0.6 Unarmed Combat
 + Level 7.1 Spellcasting
 + Level 2.1 Conjurations
 + Level 0.4 Hexes
 + Level 2.1 Summonings
 + Level 0.4 Necromancy
 + Level 2.1 Translocations
 + Level 0.4 Transmutations
 + Level 0.4 Fire Magic
 + Level 0.4 Ice Magic
 + Level 0.4 Air Magic
 + Level 0.4 Earth Magic
 + Level 0.4 Poison Magic
 + Level 0.8 Invocations
 + Level 0.6 Evocations


You had 10 spell levels left.
You knew the following spells:

 Your Spells              Type           Power      Damage    Failure   Level
a - Magic Dart            Conj           44%        1d5       8%          1
b - Slow                  Hex            24%        N/A       14%         1
c - Call Imp              Summ           11%        N/A       12%         2
d - Blink                 Tloc           22%        N/A       12%         2

Your spell library contained the following spells:

 Spells                   Type           Power      Damage    Failure   Level
 Conjure Flame            Conj/Fire      9%         6-21      32%         3
 Mephitic Cloud           Conj/Pois/Air  8%         N/A       34%         3


Dungeon Overview and Level Annotations

Branches:
Dungeon (2/15)

Altars:

Annotations:
D:2 Terence


Innate Abilities, Weirdness & Mutations

You have very sharp teeth.
Your uncanny sense of smell can sniff out nearby items.
Your experience applies equally to all skills.


Message History

The ball python hisses angrily.
The kobold shouts!
Okay, then.
What are your orders? t - Bark!
Orders for allies: a - Attack new target. r - Retreat! s - Stop attacking. g - Guard the area. f - Follow me.
Anything else - Cancel.
Gang up on whom?
Press: ? - help, Dir - move target, f - Terence
Aim: Terence, wielding a +2 flail of protection and wearing a +0 scale mail (ally target) Attack!
The kobold throws a stone.
The stone barely misses you.
Your shadow imp barely misses Terence.
You see here 29 stones.
Terence closely misses you.
You hit Terence but do no damage. You drain Terence.
Terence is moderately wounded.
The kobold throws a stone.
The stone barely misses your shadow imp.
The stone hits Terence but does no damage.
Terence shouts, "Now you die!" Terence closely misses you.
Your shadow imp hits Terence.
You hit Terence. You drain Terence.
Terence is heavily wounded.
The kobold misses your shadow imp.
Terence hits you with a +2 flail of protection!
Your shadow imp barely misses Terence.
You hit Terence but do no damage. You drain Terence.
Terence is severely wounded.
The kobold closely misses your shadow imp.
Terence hits you with a +2 flail of protection!
* * * LOW HITPOINT WARNING * * *
You hit Terence but do no damage. You drain Terence.
Terence is severely wounded.
Your shadow imp hits Terence but does no damage.
The kobold throws a stone.
The stone hits your shadow imp but does no damage.
Terence shouts, "Now you die!"
Terence hits you with a +2 flail of protection!
You die...

...###.....# .... ...
#.....# .... ##
###.#.### .....
#...<.#.# K....
..####.#.###.### ......
..........†.....##......
.#.######.###.##.K......
........†.#.##5#
####.##.#...@@S# ∆ ..
#.#...#### ## #.....#...
####........ #.##.####
#.. .# ### ##


You could see Terence (very drained, ally target), a ball python, a kobold and a
friendly shadow imp (summoned).

Vanquished Creatures
  A dart slug (D:1)
  A ball python (D:1)
  An endoplasm (D:1)
  3 giant cockroaches (D:1)
  2 goblins (D:1)
  3 hobgoblins
  A quokka (D:1)
  A bat (D:1)
  A frilled lizard (D:1)
  2 kobolds
  2 rats
18 creatures vanquished.

Vanquished Creatures (collateral kills)
  A worm (D:1)
  A ball python (D:1)
2 creatures vanquished.

Grand Total: 20 creatures vanquished

Notes
Turn   | Place    | Note
-------+----------+-------------------------------------------
     0 | D:1      | Toastz the Gnoll Hedge Wizard began the quest for the Orb.
     0 | D:1      | Reached XP level 1. HP: 13/13 MP: 8/8
     2 | D:1      | Learned a level 1 spell: Slow
   645 | D:1      | Reached XP level 2. HP: 15/19 MP: 10/10
   810 | D:1      | Learned a level 2 spell: Call Imp
   813 | D:1      | Learned a level 2 spell: Blink
  1074 | D:1      | Found a faded altar of an unknown god.
  1323 | D:1      | Reached XP level 3. HP: 22/25 MP: 9/11
  1502 | D:2      | Noticed Terence
  1513 | D:2      | Slain by Terence

Illustrated notes

Levels and vault maps discovered:
D:1:      onia_arrival_mini_maze_b, layout_rooms,
          hellmonk_ecumenical_altar_pennies_from_heaven,
          minmay_tree_intersection, chequers_garden
D:2:      layout_basic, uniq_terence, uniq_crazy_yiuf_cottage

Skill      XL: |  1 |
---------------+----+-----
Conjurations   | 2 |  2.1
Summonings     | 2 |  2.1
Translocations | 2 |  2.1
Fighting       | |  0.6
Short Blades   | |  0.6
Long Blades    | |  0.6
Axes           | |  0.6
Maces & Flails | |  0.6
Polearms       | |  0.6
Staves         | |  0.6
Slings         | |  0.6
Bows           | |  0.6
Crossbows      | |  0.6
Throwing       | |  0.6
Armour         | |  0.6
Dodging        | |  4.5
Stealth        | |  4.1
Shields        | |  0.6
Unarmed Combat | |  0.6
Spellcasting   | |  7.1
Hexes          | |  0.4
Necromancy     | |  0.4
Transmutations | |  0.4
Fire Magic     | |  0.4
Ice Magic      | |  0.4
Air Magic      | |  0.4
Earth Magic    | |  0.4
Poison Magic   | |  0.4
Invocations    | |  0.8
Evocations     | |  0.6

Action                   || total
-------------------------++-------
Melee: Dagger            ||    51
       Bite              ||     8
Throw: Boomerang         ||     9
 Cast: Magic Dart        ||    18
       Slow              ||     1
       Call Imp          ||     7
 Stab: Sleeping          ||     4
Armor: Robe              ||     4
Dodge: Dodged            ||    33

Table legend: (Time is in decaauts)
 A = Elapsed time spent in this place.
 B = Non-inter-level travel time spent in this place.
 C = Inter-level travel time spent in this place.
 D = Time resting spent in this place.
 E = Time spent auto-exploring this place.
 F = Levels seen in this place.
 G = Mean time per level.
                   A        B        C        D        E       F      G
               +--------+--------+--------+--------+--------+-----+--------+
         Total |   1515 |   1388 |    127 |    601 |    460 |   2 |  757.5 |
       Dungeon |   1515 |   1388 |    127 |    601 |    460 |   2 |  757.5 |
               +--------+--------+--------+--------+--------+-----+--------+

Top non-repeatable levels by time:
     D:1: 1440 daAuts
     D:2: 74 daAuts
